 Dungeon Crawl Stone Soup version 0.26-b1-32-g5d43845318 (webtiles) character file.

Game seed: 11056178850080505853

68 dohliylev the Sneak (level 4, -2/24 HPs)
             Began as a Vampire Enchanter on Jan 9, 2021.
             Slain by an adder (4 damage)
             ... on level 2 of the Dungeon.
             The game lasted 00:07:35 (1523 turns).

dohliylev the Sneak (Vampire Enchanter)             Turns: 1523, Time: 00:07:36

Health: -2/24      AC:  2    Str:  7    XL:     4   Next: 1%
Magic:  1/7        EV: 13    Int: 18    God:
Gold:   55         SH:  0    Dex: 14    Spells: 4/7 levels left

rFire    . . .     SeeInvis +   a - +1 dagger
rCold    + + .     Faith    .   (no shield)
rNeg     + + +     Spirit   .   b - +0 robe
rPois    ∞         Reflect  .   (no helmet)
rElec    .         Harm     .   (no cloak)
rCorr    +         Rampage  .   (no gloves)
Will     +....                  (no boots)
Stlth    +++++.....             (no amulet)
HPRegen  0.00/turn              d - ring of resist corrosion (curse)
MPRegen  0.10/turn              g - ring of willpower

@: bloodless
A: fangs 3, see invisible, unbreathing
a: Bat Form, Revivify


You were on level 2 of the Dungeon.
You visited 1 branch of the dungeon, and saw 2 of its levels.

You collected 55 gold pieces.

Inventory:

Hand Weapons
 a - a +1 dagger (weapon)
Armour
 b - a +0 robe (worn)
Jewellery
 d - a cursed ring of resist corrosion (left hand)
 g - a ring of willpower (right hand)
 h - an uncursed ring of willpower
Scrolls
 c - a scroll of identify {unknown}
 e - 2 scrolls of amnesia {unknown}
 f - a scroll of remove curse {unknown}
 m - a scroll of teleportation {unknown}
Potions
 i - a potion of mutation {unknown}
 j - 2 potions of berserk rage {unknown}
 k - a potion of degeneration {unknown}
 l - 2 potions of curing {unknown}


   Skills:
 + Level 0.2 Fighting
 + Level 1.3 Short Blades
 + Level 2.4 Dodging
 + Level 6.0 Stealth
 + Level 2.1 Spellcasting
 + Level 5.3 Hexes
 + Level 0.7 Ice Magic


You had 4 spell levels left.
You knew the following spells:

 Your Spells              Type           Power        Failure   Level
a - Corona                Hex            23%          1%          1
b - Ensorcelled Hibernat  Hex/Ice        24%          8%          2

Your spell library contained the following spells:

 Spells                   Type           Power        Failure   Level
 Confusing Touch          Hex            21%          6%          3
 Tukima's Dance           Hex            21%          6%          3
 Dazzling Flash           Conj/Hex       22%          19%         3


Dungeon Overview and Level Annotations

Branches:
Dungeon (2/15)

Altars:


Innate Abilities, Weirdness & Mutations

You do not regenerate when monsters are visible.
You are frail without blood (-20% HP).
You can heal yourself when you bite living creatures.
You are immune to poison.
You have razor-sharp teeth.
You have supernaturally acute eyesight. (SInv)
You can survive without breathing.


Message History

The adder barely misses you.
You completely miss the adder.
The adder is severely wounded.
The adder barely misses you.
You closely miss the adder.
The adder is severely wounded.
The adder barely misses you.
You hit the adder.
The adder is almost dead.
The adder bites you.
* * * LOW HITPOINT WARNING * * *
You miss the adder.
The adder is almost dead.
The adder bites you.
* * * LOW HITPOINT WARNING * * *
The adder closely misses you.
You barely miss the adder.
The adder is almost dead.
The adder bites you.
You die...

#......# #.. #...........
#......# #### .#
#.......... ####..### .##
#.......... ##...### ..
#.......... ###...###
#.###.......... ###...#
#..##....)..... ###.#
#.###.........
#.########...#......$..
#.....@S............#..
#..#######..........#.#
#..#### #............#
#.....####...........##
#....###...##............#
#.####.................#..
# .....###..†..........###
..[### ####.###.###### ..
#..##.#


You could see an adder.

Vanquished Creatures
  2 adders (D:2)
  2 oozes (D:1)
  2 dart slugs (D:1)
  A giant cockroach (D:2)
  6 goblins (D:1)
  5 hobgoblins
  6 bats
  4 frilled lizards
  5 kobolds
  6 rats
39 creatures vanquished.

Notes
Turn   | Place    | Note
-------+----------+-------------------------------------------
     0 | D:1      | dohliylev the Vampire Enchanter began the quest for the
                  | Orb.
     0 | D:1      | Reached XP level 1. HP: 13/13 MP: 3/3
   171 | D:1      | Reached skill level 5 in Stealth
   202 | D:1      | Reached XP level 2. HP: 17/19 MP: 5/5
   205 | D:1      | Learned a level 2 spell: Ensorcelled Hibernation
   436 | D:1      | Reached skill level 5 in Hexes
   564 | D:1      | Reached XP level 3. HP: 24/24 MP: 2/6
  1481 | D:2      | Reached skill level 6 in Stealth
  1481 | D:2      | Reached XP level 4. HP: 24/24 MP: 1/7
  1523 | D:2      | Slain by an adder

Illustrated notes

Levels and vault maps discovered:
D:1:      lightli_arrival_statue_moat, layout_basic
D:2:      layout_rooms

Skill      XL: |  1  2  3 |
---------------+----------+-----
Stealth        | 5 6 |  6.0
Hexes          | 5 |  5.3
Fighting       | |  0.2
Short Blades   | |  1.3
Dodging        | |  2.4
Spellcasting   | |  2.1
Ice Magic      | |  0.7

Action                   |  1- 3 |  4- 6 || total
-------------------------+-------+-------++-------
Melee: Dagger            |   100 |    21 ||   121
       Bite              |     3 |     1 ||     4
 Cast: Corona            |     1 |       ||     1
       Ensorcelled Hiber |    27 |     1 ||    28
 Abil: Exsanguinate      |     1 |       ||     1
 Stab: Sleeping          |    25 |       ||    25
Armor: Robe              |    29 |     2 ||    31
Dodge: Dodged            |    69 |    15 ||    84
